 Dungeon Sprint DCSS version 0.24-a0-509-ga1643a6 (webtiles) character file.

Game seed: 5766844057740142370

336 silentkaos13 the Covert (level 6, -14/48 HPs)
             Began as a Demonspawn Assassin on July 19, 2019.
             Demolished by a tyrant leech (24 damage)
             ... in the Dungeon (Sprint II: "The Violet Keep of Menkaure").
             The game lasted 00:01:01 (149 turns).

silentkaos13 the Covert (Demonspawn Assassin)        Turns: 149, Time: 00:01:02

Health: -14/48     AC:  5    Str: 12    XL:     6   Next: 28%
Magic:  0/6        EV: 13    Int: 13    God:
Gold:   243        SH:  0    Dex: 15    Spells: 5/5 levels left

rFire    . . .     SeeInvis .   a - +2 dagger
rCold    . . .     Gourm    .   (no shield)
rNeg     . . .     Faith    .   b - +0 robe
rPois    .         Spirit   +   (helmet restricted)
rElec    .         Reflect  .   c - +0 cloak
rCorr    .         Harm     .   (no gloves)
MR       .....     NoTele   +   (no boots)
Stlth    +++++.....             (no amulet)
HPRegen  0.16/turn              (no ring)
MPRegen  0.20/turn              (no ring)

@: no status effects
A: horns 1, yellow scales 1, magic shield, magic regeneration
a: no special abilities


You were in the Dungeon.
You were not hungry.

You visited 1 branch You collected 243 gold pieces.

Inventory:

Hand Weapons
 a - a +2 dagger (weapon)
Missiles
 d - 2 poisoned darts (quivered)
 e - 2 curare-tipped darts
Armour
 b - a +0 robe (worn)
 c - a +0 cloak (worn)
Scrolls
 l - a scroll of blinking
Potions
 i - a potion of haste
 j - 2 potions of magic
 k - a potion of berserk rage
Comestibles
 f - a ration


   Skills:
 + Level 4.0 Fighting
 + Level 5.0 Short Blades
 + Level 4.6 Throwing
 + Level 2.1 Dodging
 + Level 11.0 Stealth


You had 5 spell levels left.
You didn't know any spells.
Your spell library was empty.

Dungeon Overview and Level Annotations

Branches:
Dungeon (1/1)

Altars:


Innate Abilities, Weirdness & Mutations

You have a pair of small horns on your head.
You are partially covered in yellow scales. (AC +2)
When hurt, damage is shared between your health and your magic reserves.
You regenerate magic rapidly.


Message History

The poisoned dart hits the tyrant leech.
The tyrant leech is lightly wounded.
Throwing (i - inventory. (/) - cycle)
d - 3 poisoned darts (quivered)
Press: ? - help, Shift-Dir - straight line, f/p - tyrant leech
Aim: a tyrant leech (poisoned)
You throw a poisoned dart.
The poisoned dart misses the tyrant leech.
The poisoned dart closely misses the tyrant leech.
The tyrant leech bites you!!
Ouch! That really hurt!
The tyrant leech draws strength from your injuries!
You barely miss the tyrant leech. You miss the tyrant leech.
The tyrant leech is lightly wounded.
The tyrant leech bites you!!
* * * LOW HITPOINT WARNING * * *
The tyrant leech draws strength from your injuries!
You feel better. The tyrant leech bites you!!
Ouch! That really hurt!
You die...

### #
##.###+# (##
#.).##.##$..#
+.#.'.<@w#
#...##.##w(.#
##.###+# (##
### #


You could see 2 tyrant leeches.

Vanquished Creatures
  A merfolk siren (D)
1 creature vanquished.

Vanquished Creatures (others)
  Menkaure (D)
  A crocodile (D)
2 creatures vanquished.

Grand Total: 3 creatures vanquished

Notes
Turn   | Place    | Note
-------+----------+-------------------------------------------
     0 | D        | silentkaos13 the Demonspawn Assassin began the quest for
                  | the Orb.
     0 | D        | Reached XP level 1. HP: 16/16 MP: 1/1
     1 | D        | Noticed a merfolk siren
    28 | D        | Killed a merfolk siren
    28 | D        | Reached skill level 5 in Short Blades
    28 | D        | Reached skill level 11 in Stealth
    28 | D        | Gained mutation: You are partially covered in yellow
                  | scales. (AC +2) [demonic ancestry]
    28 | D        | Reached XP level 2. HP: 25/25 MP: 2/2
    28 | D        | Gained mutation: You have a pair of small horns on your
                  | head. [demonic ancestry]
    28 | D        | Reached XP level 3. HP: 30/30 MP: 3/3
    28 | D        | Gained mutation: When hurt, damage is shared between your
                  | health and your magic reserves. [demonic ancestry]
    28 | D        | Reached XP level 4. HP: 37/37 MP: 4/4
    28 | D        | Reached XP level 5. HP: 42/42 MP: 5/5
    28 | D        | Gained mutation: You regenerate magic rapidly. [demonic
                  | ancestry]
    28 | D        | Reached XP level 6. HP: 48/48 MP: 6/6
    48 | D        | Killed Menkaure
   141 | D        | Noticed a tyrant leech
   141 | D        | Noticed a tyrant leech
   149 | D        | Demolished by a tyrant leech

Levels and vault maps discovered:
D:        the_violet_keep_of_menkaure [sprint2_stairs_cluster_1,
          sprint2_shoproom, sprint2_temple, sprint2_basic_supplies,
          sprint2_obstacle_4, sprint2_obstacle_5, sprint2_obstacle_2,
          sprint2_obstacle_1, sprint2_obstacle_7, sprint2_timed_cluster_1,
          sprint2_smallroom_cluster_1, sprint2_smallroom_final_cluster_1,
          sprint2_transparent_cluster_1, sprint2_second_timed_cluster_1,
          sprint2_sniper_area_1, sprint2_heavy_combat_area_1,
          sprint2_mutation_trap_area_1, sprint2_forest_area_1,
          sprint2_light_combat_area_1, sprint2_behind_water_1,
          sprint2_near_end_vault_1]

Skill      XL: |  1 |
---------------+----+-----
Fighting       | 4 |  4.0
Short Blades   | 5 |  5.0
Throwing       | 4 |  4.6
Dodging        | 2 |  2.1
Stealth        | 11 | 11.0

Action                   |  1- 3 |  4- 6 || total
-------------------------+-------+-------++-------
Melee: Dagger            |    18 |     2 ||    20
Throw: Dart              |     6 |     5 ||    11
  Use: Potion            |     1 |     1 ||     2
 Stab: Sleeping          |     1 |       ||     1
Dodge: Dodged            |     3 |       ||     3

Table legend:
 A = Non-vault XP
 B = Vault XP
 C = Vault XP percentage of total XP
 D = Non-vault monster count
 E = Vault monster count
 F = Vault count percentage of total count
                 A         B        C        D         E       F
            +---------+---------+-------+---------+---------+-------
      Total |       0 |     481 | 100.0 |       0 |       1 | 100.0
            +---------+---------+-------+---------+---------+-------
          D |       0 |     481 | 100.0 |       0 |       1 | 100.0
            +---------+---------+-------+---------+---------+-------
